 Dungeon Sprint DCSS version 0.27-a0-1139-g28e009f8a6 (webtiles) character file.

Game seed: 16643657447705807094

1052 Zeld the Summoner (level 8, -3/57 HPs)
             Began as an Octopode Summoner on May 8, 2021.
             Was a Priest of Sif Muna.
             Slain by a toenail golem (5 damage)
             ... in the Dungeon (Sprint V: "Ziggurat Sprint").
             The game lasted 00:03:55 (1340 turns).

Zeld the Summoner (Octopode Summoner)               Turns: 1340, Time: 00:03:56

Health: -3/57      AC:  1    Str:  7    XL:     8   Next: 26%
Magic:  15/18      EV: 15    Int: 19    God:    Sif Muna [***...]
Gold:   0          SH:  0    Dex: 13    Spells: 4/21 levels left

rFire    . . .     SeeInvis .   (no weapon)
rCold    . . .     Faith    .   (no shield)
rNeg     . . .     Spirit   .   (helmet restricted)
rPois    .         Reflect  .   (no amulet)
rElec    .         Harm     .   (no ring)
rCorr    .         Rampage  .   (no ring)
Will     .....     NoTele   +   (no ring)
Stlth    +++.......             (no ring)
HPRegen  0.19/turn              (no ring)
MPRegen  0.16/turn              (no ring)
                                (no ring)
                                (no ring)

@: very slightly contaminated, invisible
A: almost no armour, amphibious, 8 rings, camouflage 1, gelatinous body 1,
(nimble swimmer 1), tentacles
a: Renounce Religion, Channel Magic, Forget Spell


You were in the Dungeon.
You worshipped Sif Muna.
Sif Muna was most pleased with you.
You visited 1 branch

Inventory:

Jewellery
 w - a +6 ring of intelligence
 x - a +6 ring of intelligence
Wands
 q - a wand of mindburst (7)
 r - a wand of iceblast (2)
 s - a wand of acid (7)
Scrolls
 l - 4 scrolls of amnesia
 m - 7 scrolls of fog
 o - 5 scrolls of identify
Potions
 a - 2 potions of brilliance
 b - 9 potions of curing
 c - 10 potions of heal wounds
 d - 10 potions of haste
 e - 7 potions of magic
 f - 3 potions of berserk rage
 h - a potion of invisibility
 i - 4 potions of resistance
 k - 5 potions of might
Miscellaneous
 A - a lightning rod (4/4)


   Skills:
 + Level 6.1 Fighting
 + Level 6.3 Dodging
 - Level 2.6 Stealth
 + Level 7.2 Spellcasting
 * Level 11.2 Summonings
 * Level 9.5 Invocations


You had 4 spell levels left.
You knew the following spells:

 Your Spells              Type           Power      Damage    Failure   Level
a - Summon Small Mammal   Summ           100%       N/A       1%          1
b - Call Imp              Summ           49%        N/A       1%          2
c - Call Canine Familiar  Summ           49%        N/A       1%          3
d - Summon Guardian Gole  Hex/Summ       28%        N/A       3%          3
e - Summon Ice Beast      Ice/Summ       28%        N/A       10%         4
f - Summon Lightning Spi  Summ/Air       28%        N/A       10%         4

Your spell library contained the following spells:

 Spells                   Type           Power      Damage    Failure   Level
 Slow                     Hex            6%         N/A       16%         2
 Cause Fear               Hex            3%         N/A       69%         4
 Invisibility             Hex            6%         N/A       100%        6
 Discord                  Hex            3%         N/A       100%        8


Dungeon Overview and Level Annotations

Branches:
Dungeon (1/1)

Altars:
Ashenzari
Cheibriados
Dithmenos
Elyvilon
Fedhas
Gozag
Hepliaklqana
Kikubaaqudgha
Makhleb
Nemelex Xobeh
Okawaru
Qazlal
Ru
Sif Muna
Trog
Uskayaw
Vehumet
Wu Jian
Xom
Yredelemnul
Zin
The Shining One
Beogh
Jiyva
Lugonu

Annotations:
D 1 transporter


Innate Abilities, Weirdness & Mutations

You cannot wear most types of armour.
You are amphibious.
You can wear up to eight rings at the same time.
Your skin changes colour to match your surroundings (Stealth+).
Your rubbery body absorbs attacks. (AC +1, EV +1)
((You are camouflaged near water. (Stealth+)))
You have tentacles for arms and can constrict up to eight enemies at once.


Message History

Your lightning spire shoots out a bolt of lightning at the toenail golem!
The bolt of electricity hits the toenail golem.
The toenail golem resists.
The bolt of electricity hits the toenail golem.
The toenail golem resists.
Okay, then.
Casting: Summon Lightning Spire (dangerous; 10% risk of failure)
Confirm with . or Enter, or press ? or * to list all spells.
Okay, then.
As you read the scroll of fear, it crumbles to dust.
You assume a fearsome visage.
Your lightning spire is unaffected.
The toenail golem is unaffected. x5; The toenail golem hits you!
The toenail golem closely misses you.
Unknown command.
As you read the scroll of holy word, it crumbles to dust.
You speak a Word of immense power!
The toenail golem barely misses you. The toenail golem hits you. x2
Unknown command.
Press: ? - help, v - describe, . - travel
Here: a toenail golem (lightly damaged, ally target)
The floor.
Okay, then.
You fade into invisibility!
The toenail golem hits you. The toenail golem barely misses you.
The toenail golem hits you!
* * * LOW HITPOINT WARNING * * *
The toenail golem hits you.
* * * LOW HITPOINT WARNING * * *
You are very lightly contaminated with residual magic.
Your lightning spire cannot move out of your way!
Unknown command.
Your lightning spire cannot move out of your way!
Unknown command.
The toenail golem hits you!
* * * LOW HITPOINT WARNING * * *
The toenail golem misses you. The toenail golem barely misses you. x2
Unknown command.
The toenail golem closely misses you. The toenail golem hits you.
You die...

▓..©..▓..©..▓▓▓▓▓▓▓
▓▓▓▓▓▓▓▓▓▓▓▓▓▓▓▓▓▓▓
▓..8©8...▓..8©8...▓
▓..).)...▓..}=[...▓
▓...[....▓..).?...▓
▓........▓........▓
▓....†)†.▓..8.....▓
▓.▓....▓.▓.888....▓
▓...©....▓.8@8....▓
▓▓▓▓▓▓▓▓▓▓▓▓▓▓▓▓▓▓▓


You could see 5 toenail golems and a friendly lightning spire (summoned).

Vanquished Creatures
  2 draconians (D)
2 creatures vanquished.

Vanquished Creatures (collateral kills)
  2 yaks (D)
  A naga (D)
  A water moccasin (D)
  A wolf (D)
  An iron imp (D)
  A river rat (D)
  A shadow imp (D)
  An ufetubus (D)
  2 ball pythons (D)
11 creatures vanquished.

Grand Total: 13 creatures vanquished

Notes
Turn   | Place    | Note
-------+----------+-------------------------------------------
     0 | D        | Zeld the Octopode Summoner began the quest for the Orb.
     0 | D        | Reached XP level 1. HP: 11/11 MP: 3/3
     2 | D        | Found a blossoming altar of Fedhas.
     3 | D        | Found the +6 Majin-Bo {vamp, MP+6 Int+6}
     3 | D        | Found the +9 heavy crossbow "Sniper" {vorpal, Acc+∞ SInv}
     3 | D        | Found the +10 dark maul {vorpal}
     3 | D        | Found the +15 Maxwell's patent armour {-Cast -Tele rElec
                  | Will+ rCorr}
     3 | D        | Found the +18 shield of the Gong {rElec rN+ Will+ EV-5}
     3 | D        | Found the +14 obsidian axe {vorpal, Drain Fly SInv}
     3 | D        | Found the +7 great mace "Firestarter" {inner flame, rF++}
     3 | D        | Found the +6 shillelagh "Devastator" {shatter}
     3 | D        | Found the +11 plutonium sword {Contam Stlth-}
     3 | D        | Found the +8 lance "Wyrmbane" {slay drac, rPois rF+ rC+
                  | AC+3}
     3 | D        | Found the +9 sword of Zonguldrok {reap}
     3 | D        | Found the +13 scythe of Curses {drain, Drain}
     3 | D        | Found the +5 sword of Power {vorpal}
     3 | D        | Found the +7 mace of Variability {chain chaos}
     3 | D        | Found the +7 Singing Sword {vorpal, sonic wave}
     3 | D        | Found the +8 storm bow {elec, penet}
     5 | D        | Found a shimmering blue altar of Sif Muna.
     5 | D        | Found a sacrificial altar of Ru.
     5 | D        | Found a bloodstained altar of Trog.
     5 | D        | Found a stormy altar of Qazlal.
     5 | D        | Found an iron altar of Okawaru.
     5 | D        | Found a sparkling altar of Nemelex Xobeh.
     7 | D        | Found a transporter.
     7 | D        | Found an ancient bone altar of Kikubaaqudgha.
     7 | D        | Found a viscous altar of Jiyva.
     7 | D        | Found a corrupted altar of Lugonu.
     7 | D        | Found a hazy altar of Hepliaklqana.
     7 | D        | Found a burning altar of Makhleb.
     7 | D        | Found an opulent altar of Gozag.
    53 | D        | Became a worshipper of Sif Muna the Loreminder
    54 | D        | Reached skill level 7 in Summonings
    54 | D        | Reached XP level 2. HP: 17/17 MP: 4/7
    58 | D        | Learned a level 2 spell: Call Imp
    93 | D        | Entered arena 2.
    93 | D        | Noticed a draconian
    93 | D        | Noticed a draconian
    93 | D        | Found a transporter.
   104 | D        | Killed a draconian
   105 | D        | Reached skill level 9 in Summonings
   105 | D        | Reached XP level 3. HP: 2/27 MP: 6/10
   105 | D        | Reached XP level 4. HP: 2/33 MP: 7/12
   105 | D        | Reached XP level 5. HP: 3/37 MP: 7/13
   105 | D        | Reached XP level 6. HP: 3/43 MP: 8/15
   106 | D        | Killed a draconian
   107 | D        | Reached skill level 5 in Fighting
   107 | D        | Reached skill level 5 in Dodging
   107 | D        | Reached skill level 10 in Summonings
   107 | D        | Reached XP level 7. HP: 4/50 MP: 9/17
   111 | D        | Learned a level 3 spell: Call Canine Familiar
   115 | D        | Learned a level 3 spell: Summon Guardian Golem
   120 | D        | Learned a level 4 spell: Summon Ice Beast
   125 | D        | Learned a level 4 spell: Summon Lightning Spire
   160 | D        | Got the Disquisition on Enchantment
   491 | D        | Entered arena 3.
   491 | D        | Found a transporter.
   496 | D        | Reached * piety under Sif Muna
   756 | D        | Entered arena 4.
   756 | D        | Noticed a yak
   756 | D        | Noticed a yak
   756 | D        | Found a transporter.
   761 | D        | Reached ** piety under Sif Muna
   766 | D        | Killed a yak
   771 | D        | Reached XP level 8. HP: 4/57 MP: 3/18
   773 | D        | Killed a yak
   773 | D        | Reached *** piety under Sif Muna
   774 | D        | Reached skill level 11 in Summonings
  1186 | D        | Entered arena 5.
  1186 | D        | Found a transporter.
  1332 | D        | Entered arena 6.
  1332 | D        | Noticed a toenail golem
  1332 | D        | Noticed a toenail golem
  1332 | D        | Noticed a toenail golem
  1332 | D        | Noticed a toenail golem
  1332 | D        | Noticed a toenail golem
  1332 | D        | Found a transporter.
  1339 | D        | HP: 2/57 [toenail golem (9)]
  1340 | D        | Slain by a toenail golem

Illustrated notes

Levels and vault maps discovered:
D:        sprint_v [room_start, room_1, room_2, room_3, room_4, room_5, room_6,
          room_7, room_8, room_9, room_10, room_11, room_12, room_13, room_14,
          room_15, room_16, room_17, room_18, room_19, room_20, room_21,
          room_22, room_23, room_24, room_25, room_26, room_27]

Skill      XL: |  1  2  3  4  5  6  7  8 |
---------------+-------------------------+-----
Spellcasting   | 4 6 7 |  7.2
Summonings     | 7 9 10 11 | 11.2
Fighting       | 4 5 6 |  6.1
Dodging        | 4 5 6 |  6.3
Invocations    | 7 8 9 |  9.5
Stealth        | |  2.6

Action                   |  1- 3 |  4- 6 |  7- 9 || total
-------------------------+-------+-------+-------++-------
 Cast: Call Imp          |     1 |       |       ||     1
       Summon Lightning  |       |       |     6 ||     6
       Summon Ice Beast  |       |       |     7 ||     7
Evoke: Wand              |     4 |     1 |       ||     5
       Lightning rod     |     3 |       |       ||     3
  Use: Potion            |     1 |       |     2 ||     3
       Scroll            |     3 |     1 |     3 ||     7
Dodge: Dodged            |       |       |    17 ||    17

Table legend: (Time is in decaauts)
 A = Elapsed time spent in this place.
 B = Non-inter-level travel time spent in this place.
 C = Inter-level travel time spent in this place.
 D = Time resting spent in this place.
 E = Time spent auto-exploring this place.
 F = Levels seen in this place.
 G = Mean time per level.
                   A        B        C        D        E       F      G
               +--------+--------+--------+--------+--------+-----+--------+
         Total |   1340 |   1331 |      9 |   1133 |     32 |   1 | 1340.0 |
       Dungeon |   1340 |   1331 |      9 |   1133 |     32 |   1 | 1340.0 |
               +--------+--------+--------+--------+--------+-----+--------+

Top non-repeatable levels by time:
       D: 1340 daAuts
